 Dungeon Crawl Stone Soup version 0.30.0-13-g156ef70053 (webtiles) character file.

Game seed: 13635795356337785492

16 SnakkuSnakku7 the Ducker (level 2, 0/17 HPs)
             Began as a Tengu Hexslinger on May 17, 2023.
             Slain by a cerulean imp
             ... wielding a +1 spear
             ... summoned by Natasha
              (4 damage)
             ... on level 2 of the Dungeon.
             The game lasted 00:00:40 (396 turns).

SnakkuSnakku7 the Ducker (Tengu Hexslinger)          Turns: 396, Time: 00:00:41

Health: 0/17       AC:  2    Str: 10    XL:     2   Next: 54%
Magic:  4/4        EV: 12    Int: 13    God:
Gold:   39         SH:  0    Dex: 14    Spells: 2/3 levels left

rFire   . . .        e - +0 halberd
rCold   . . .        (shield currently unavailable)
rNeg    . . .        c - +0 robe
rPois   .            (helmet restricted)
rElec   .            (no cloak)
rCorr   .            (no gloves)
SInv    .            (boots unavailable)
Will    .....        (no amulet)
Stlth   +            (no ring)
HPRegen 0.22/turn    (no ring)
MPRegen 0.09/turn

%: no passive effects
@: no status effects
A: beak, talons 3
a: no special abilities


You were on level 2 of the Dungeon.
You visited 1 branch of the dungeon, and saw 2 of its levels.

You collected 39 gold pieces.

Inventory:

Hand Weapons
 a - a +1 sling
 e - a +0 halberd (weapon)
Armour
 c - a +0 robe (worn)
Scrolls
 b - a scroll of poison
 d - a scroll of identify {unknown}
 f - a scroll of amnesia {unknown}
 h - a scroll of acquirement {unknown}
 i - a scroll of fog {unknown}
Potions
 g - a potion of might {unknown}


   Skills:
 - Level 1.8 Fighting
 + Level 1.6 Polearms
 - Level 2.1 Ranged Weapons
 - Level 2.1 Dodging
 - Level 1.0 Spellcasting
 - Level 2.1 Hexes


You had 2 spell levels left.
You knew the following spells:

 Your Spells              Type           Power      Damage    Failure   Level
a - Slow                  Hex            24%        N/A       12%         1

Your spell library contained the following spells:

 Spells                   Type           Power      Damage    Failure   Level
 Inner Flame              Hex/Fire       3%         N/A       47%         3
 Portal Projectile        Hex/Tloc       6%         N/A       47%         3
 Cause Fear               Hex            3%         N/A       75%         4


Dungeon Overview and Level Annotations

Branches:
Dungeon (1/15)

Altars:

Annotations:
D:2 Natasha


Innate Abilities, Weirdness & Mutations

You have a beak for a mouth.
You have claws for feet.


Message History

The dart slug misses you.
You puncture the dart slug!
You kill the dart slug!
Found a dagger.
You see here a +0 dagger.
A sourceless malevolence fills the Dungeon...
You fall into a shaft and drop 1 floor!
The shaft crumbles and collapses.
Found 3 poisoned darts.
A goblin comes into view. It is wielding a +0 dagger.
The goblin shouts!
A goblin comes into view. It is wielding a +0 club.
The goblin shouts!
You hear an angry hiss.
You closely miss the goblin. Your kick misses the goblin.
The goblin barely misses you.
Natasha, Servant of Life and Death comes into view.
She is carrying a wand of polymorph (3).
You closely miss the goblin. Your kick misses the goblin.
Your peck misses the goblin.
Natasha casts a spell.
You hit the goblin.
You kill the goblin!
The goblin hits you with a +0 dagger. The goblin closely misses you.
You completely miss the goblin.
Natasha casts a spell.
The goblin hits you with a +0 dagger.
You barely miss the cerulean imp. The goblin hits you with a +0 dagger.
The cerulean imp closely misses you. The cerulean imp barely misses you.
The goblin closely misses you.
You miss the cerulean imp. You claw the cerulean imp!
Your peck misses the cerulean imp.
The cerulean imp is heavily wounded.
The cerulean imp hits you with a +1 spear.
The cerulean imp hits you from afar with a +0 spear.
The goblin hits you with a +0 dagger.
You are too injured to fight recklessly!
The cerulean imp attacks as you move away!
The cerulean imp hits you with a +1 spear.
* * * LOW HITPOINT WARNING * * *
The cerulean imp hits you from afar with a +1 spear.
You die...

.......
...... .....
#...# #.
#...# #..##
#...#
##...5###...#
.....h5.....#
....###g@...#
. #.....##
###....##
####..###
#######...#
........#.#
........#.#
........#..
........##.#


You could see Natasha, 2 cerulean imps and a goblin.

Vanquished Creatures
  A dart slug (D:1)
  2 bats (D:1)
  2 giant cockroaches (D:1)
  A goblin (D:2)
  A hobgoblin (D:1)
  2 jackals (D:1)
  A quokka (D:1)
  A frilled lizard (D:1)
  A rat (D:1)
12 creatures vanquished.

Notes
Turn   | Place    | Note
-------+----------+-------------------------------------------
     0 | D:1      | SnakkuSnakku7 the Tengu Hexslinger began the quest for the
                  | Orb.
     0 | D:1      | Reached XP level 1. HP: 12/12 MP: 3/3
   146 | D:1      | Reached XP level 2. HP: 17/17 MP: 4/4
   321 | D:1      | Reached skill level 1 in Polearms
   378 | D:1      | You fall into a shaft and drop 1 floor!
   390 | D:2      | Noticed Natasha
   396 | D:2      | Slain by a cerulean imp

Illustrated notes

Levels and vault maps discovered:
D:1:      dpeg_arrival_central, layout_loops_ring, serial_forest,
          infiniplex_forest_clump_diagonal, infiniplex_forest_lined_2,
          infiniplex_forest_lined_room_3, infiniplex_forest_end_2,
          infiniplex_forest_join, infiniplex_forest_diagonal
D:2:      layout_basic, serial_shops, shop, uniq_natasha

Skill      XL: |  1  2 |
---------------+-------+-----
Polearms       | 1 |  1.6
Fighting       | |  1.8
Ranged Weapons | |  2.1
Dodging        | |  2.1
Spellcasting   | |  1.0
Hexes          | |  2.1

Action                     || total
---------------------------++-------
  Melee: Halberd           ||    21
         Kick              ||     5
         Peck              ||     2
   Fire: Sling             ||    13
 Armour: Robe              ||    10
  Dodge: Dodged            ||    22
